 Dungeon Crawl Stone Soup version 0.26.0-45-g9c1d065592 (webtiles) character file.

Game seed: 2637967939623503672

(classic levelgen) 346 thiole the Stinger (level 6, -5/39 HPs)
             Began as an Octopode Venom Mage on Jan 30, 2021.
             Was an Initiate of Gozag.
             Killed by divine providence
             ... invoked by an orc priest
              (16 damage)
             ... on level 3 of the Dungeon.
             The game lasted 00:08:57 (3749 turns).

thiole the Stinger (Octopode Venom Mage)            Turns: 3749, Time: 00:08:58

Health: -5/39      AC:  1    Str:  7    XL:     6   Next: 59%
Magic:  8/10       EV: 13    Int: 19    God:    Gozag
Gold:   152        SH:  0    Dex: 13    Spells: 3/11 levels left

rFire    . . .     SeeInvis .   a - +4 dagger (venom)
rCold    . . .     Faith    .   (no shield)
rNeg     . . .     Spirit   .   (helmet restricted)
rPois    .         Reflect  .   (no amulet)
rElec    .         Harm     .   (no ring)
rCorr    .         Rampage  .   (no ring)
Will     .....                  (no ring)
Stlth    +++.......             (no ring)
HPRegen  0.13/turn              (no ring)
MPRegen  0.12/turn              (no ring)
                                (no ring)
                                (no ring)

@: gold aura
A: almost no armour, stealthy swim, amphibious, 8 rings, constrict 8, camouflage
1, gelatinous body 1
a: Renounce Religion, Potion Petition, Call Merchant, Bribe Branch


You were on level 3 of the Dungeon.
You worshipped Gozag.
Gozag was aware of your devotion.
You visited 1 branch of the dungeon, and saw 3 of its levels.

You collected 218 gold pieces.
You paid 66 gold pieces to Gozag.

Inventory:

Hand Weapons
 a - a +4 dagger of venom (weapon)
 t - a +2 dagger of speed
Missiles
 c - 63 arrows
 e - 105 stones
 f - 63 sling bullets
Wands
 q - a wand of iceblast (8)
Scrolls
 d - 2 scrolls of amnesia {unknown}
 h - a scroll of remove curse {unknown}
 i - a scroll of blinking {unknown}
 j - a scroll of fear {unknown}
 l - 7 scrolls of identify {unknown}
 r - 3 scrolls of teleportation {unknown}
 u - a scroll of random uselessness {unknown}
Potions
 b - a potion of haste {unknown}
 g - 2 potions of curing
 k - 3 potions of might {unknown}
 m - a potion of flight {unknown}
 n - a potion of ambrosia {unknown}
 o - a potion of mutation {unknown}
 p - a potion of attraction {unknown}
 s - a potion of lignification {unknown}


   Skills:
 - Level 2.0 Fighting
 - Level 2.0 Dodging
 + Level 3.4 Stealth
 - Level 3.0 Spellcasting
 - Level 3.0 Conjurations
 - Level 1.0 Transmutations
 - Level 3.0 Fire Magic
 - Level 2.0 Air Magic
 - Level 4.0 Poison Magic


You had 3 spell levels left.
You knew the following spells:

 Your Spells              Type           Power        Failure   Level
a - Sting                 Tmut/Pois      48%          5%          1
b - Mephitic Cloud        Conj/Pois/Air  14%          13%         3
c - Olgreb's Toxic Radia  Pois           18%          28%         4

Your spell library contained the following spells:

 Spells                   Type           Power        Failure   Level
 Poisonous Vapours        Pois/Air       28%          7%          2
 Ignite Poison            Fire/Tmut/Pois 12%          16%         3


Dungeon Overview and Level Annotations

Branches:
Dungeon (3/15)

Altars:
Gozag
Okawaru
Yredelemnul


Innate Abilities, Weirdness & Mutations

You cannot wear most types of armour.
You are very stealthy in the water. (Stealth+)
You are amphibious.
You can wear up to eight rings at the same time.
You can use your tentacles to constrict eight enemies at once.
Your skin changes colour to match your surroundings (Stealth+).
Your rubbery body absorbs attacks. (AC +1, EV +1)


Message History

The orc hits you.
A rat comes into view.
The orc priest mumbles some strange prayers to Beogh against you.
You barely resist. You closely miss the orc priest. You grab the orc priest.
The orc priest is lightly wounded.
You constrict the orc priest. The orc hits you.
The orc priest hits you with a +0 trident.
You release your grip on the orc priest.
The orc priest hits you with a +0 trident!
* * * LOW HITPOINT WARNING * * *
Things that are here:
7 gold pieces; a +0 dagger; a +0 robe You feel better.
The orc hits you.
* * * LOW HITPOINT WARNING * * *
The orc priest miscasts a cantrip.
The orc priest mumbles some strange prayers to Beogh against you.
Beogh smites you!
You die...
Your body crumbles into a pile of gold.

.....
..'....$'...........#
###.#
###.....######.....##
#######.................#
#
.......#'########........
##### #.......# #.##.[#..
....# #....$..# #.....##.
##... #......o# #####.##.
# #####'#o# #.##. # #.#@#
#.##. #r#.# #.##. ..#.#
#######.##. ########.##
#.......##. #.........#
#...######. #.######..#
#<..# #. #.# #..#
##...######. ###### #.#
#..####........... .....#
#.### #)....#....######.


You could see an orc priest and an orc.

Vanquished Creatures
  A human (D:2)
  An orc wizard (D:3)
  Ijyb (D:3)
  9 adders
  An ooze (D:2)
  A worm (D:2)
  3 leopard geckos
  4 orcs (D:3)
  2 giant cockroaches (D:3)
  8 goblins
  6 hobgoblins
  2 kobolds
  2 quokkas
  7 ball pythons
  5 bats
  4 frilled lizards
  9 rats
66 creatures vanquished.

Notes
Turn   | Place    | Note
-------+----------+-------------------------------------------
     0 | D:1      | thiole the Octopode Venom Mage began the quest for the Orb.
     0 | D:1      | Reached XP level 1. HP: 11/11 MP: 3/3
   329 | D:1      | Reached skill level 4 in Poison Magic
   371 | D:1      | Reached XP level 2. HP: 13/18 MP: 0/5
   463 | D:1      | You fall into a shaft and drop 1 floor!
   466 | D:2      | Reached skill level 1 in Fighting
   527 | D:2      | Found an iron altar of Okawaru.
   761 | D:2      | Found a runed translucent door.
   761 | D:2      | Noticed a human
   820 | D:2      | Found a basalt altar of Yredelemnul.
   855 | D:2      | Killed a human
   856 | D:2      | Reached skill level 1 in Fire Magic
   856 | D:2      | Reached XP level 3. HP: 15/24 MP: 1/6
   856 | D:2      | Reached XP level 4. HP: 18/29 MP: 1/7
   856 | D:2      | Reached XP level 5. HP: 21/34 MP: 1/8
  1670 | D:2      | Learned a level 3 spell: Mephitic Cloud
  1675 | D:2      | Learned a level 4 spell: Olgreb's Toxic Radiance
  1738 | D:2      | Found a faded altar of an unknown god.
  2390 | D:3      | Reached XP level 6. HP: 39/39 MP: 4/9
  3308 | D:3      | Noticed Ijyb
  3323 | D:3      | Killed Ijyb
  3497 | D:3      | Found an opulent altar of Gozag.
  3505 | D:3      | Became a worshipper of Gozag Ym Sagoz the Greedy
  3749 | D:3      | Killed from afar by an orc priest

Illustrated notes

Levels and vault maps discovered:
D:1:      dpeg_arrival_simpleton_b, layout_loops_ring
D:2:      layout_basic, nicolae_overflow_crystal_walls,
          chequers_ecumenical_altar_grove, corexii_leaking_fountain,
          dk_yredelemnul_ordeal
D:3:      kennysheep_the_goblin_king, layout_basic, grunt_gozag_breadcrumbs,
          minmay_snake_closets, uniq_ijyb

Skill      XL: |  1  2  3  4  5  6 |
---------------+-------------------+-----
Poison Magic   | 4 |  4.0
Fighting       | 2 |  2.0
Conjurations   | 3 |  3.0
Air Magic      | 2 |  2.0
Fire Magic     | 1 2 3 |  3.0
Spellcasting   | 3 |  3.0
Stealth        | 3 |  3.4
Dodging        | |  2.0
Transmutations | |  1.0

Action                   |  1- 3 |  4- 6 || total
-------------------------+-------+-------++-------
Melee: Unarmed           |     7 |    13 ||    20
       Constrict         |     2 |    10 ||    12
       Tentacles         |     1 |     3 ||     4
       Dagger            |       |    17 ||    17
 Cast: Sting             |    28 |   106 ||   134
       Mephitic Cloud    |       |     1 ||     1
  Use: Potion            |       |     2 ||     2
 Stab: Distracted        |     1 |       ||     1
Armor: Skin              |     2 |     4 ||     6
Dodge: Dodged            |    11 |    40 ||    51
